 Dungeon Crawl Stone Soup version 0.19.1 (webtiles) character file.

39872 Lovchig the Blocker (level 13, -8/124 HPs)
             Began as a Deep Dwarf Fighter on Nov 29, 2016.
             Was the Champion of the Shining One.
             Mangled by a deep troll (11 damage)
             ... on level 1 of the Depths.
             The game lasted 01:04:39 (13287 turns).

Lovchig the Blocker (Deep Dwarf Fighter)           Turns: 13287, Time: 01:04:41

Health: -8/124     AC: 20    Str: 35    XL:     13   Next: 71%
Magic:  0/0        EV: 16    Int: 11    God:    the Shining One [******]
Gold:   916        SH: 17    Dex: 17    Spells: 0 memorised, 12 levels left

rFire  x . .     SeeInvis .     E - +4 spear (flame)
rCold  + + +     Gourm    .     V - +0 ice dragon scales
rNeg   + + +     Faith    .     c - +2 shield
rPois  .         Spirit   .     a - +2 hat {Int+3}
rElec  .         Reflect  .     B - +2 cloak
rCorr  .         Harm     .     (no gloves)
MR     +....     Rnd*Rage +     (no boots)
Stlth  ..........               (no amulet)
                                H - ring of protection from cold
                                l - +3 ring of dexterity

@: mighty, afraid, non-regenerating, glowing
A: damage resistance, recharge devices, hooves 1, horns 1, rugged brown scales
1, agile 1, berserk 1, blink, sense surroundings 3, slow regeneration 3, strong
2
a: Device Recharging, Blink, Divine Shield, Cleansing Flame, Summon Divine
Warrior, Brand Weapon With Holy Wrath, Renounce Religion


You were on level 1 of the Depths.
You worshipped the Shining One.
The Shining One was exalted by your worship.
You were hungry.

You visited 3 branches of the dungeon, and saw 17 of its levels.

You collected 916 gold pieces.

Inventory:

Hand Weapons
 E - a +4 spear of flaming (weapon)
Armour
 a - a +2 hat of intelligence (worn)
 c - a +2 shield (worn)
 B - a +2 cloak (worn)
 V - +0 ice dragon scales (worn)
Jewellery
 l - a +3 ring of dexterity (left hand)
 H - a ring of protection from cold (right hand)
Wands
 b - a wand of lightning (4/15)
 e - a wand of heal wounds (0/9)
 j - a wand of teleportation (3/9)
 q - a wand of lightning (7/15)
 u - a wand of polymorph (9/24)
 y - a wand of digging (14/24)
 z - a wand of flame (19/48)
 F - a wand of disintegration (13/24)
 I - a wand of slowing (10/48)
 J - a wand of flame (31/48)
 M - a wand of confusion (3/48)
 N - a wand of digging (10/24)
 R - a wand of iceblast (7/15)
 S - a wand of lightning (7/15)
 T - a wand of slowing (10/48)
Scrolls
 h - 5 scrolls of amnesia
 i - 6 scrolls of recharging
 k - 9 scrolls of remove curse
 r - 3 scrolls of magic mapping
 s - a scroll of blinking
 t - 2 scrolls of fog
 x - 5 scrolls of teleportation
Potions
 d - 6 potions of might
 v - a potion of haste
 A - 4 potions of resistance
 C - 3 potions of brilliance
 G - a potion of agility
 L - a potion of cure mutation
 P - 4 potions of flight {unknown}
 Q - a potion of lignification {unknown}
Comestibles
 f - 11 bread rations
 m - 3 slices of pizza
 n - a fruit
 o - 3 beef jerkies
 p - 6 meat rations
 w - 3 royal jellies


   Skills:
 * Level 9.6 Fighting
 * Level 12.3 Polearms
   Level 1.3(8.1) Staves
 * Level 11.2 Armour
 * Level 9.2 Dodging
 * Level 12.8 Shields


You had 12 spell levels left.
You didn't know any spells.

Dungeon Overview and Level Annotations

Branches:
Dungeon (15/15)            Temple (1/1) D:6            Lair (0/6) D:11
    Orc (0/2) D:10         Vaults (0/5) D:14         Depths (1/5) D:15

Altars:
Ashenzari
Cheibriados
Dithmenos
Elyvilon
Fedhas
Gozag
Kikubaaqudgha
Makhleb
Nemelex Xobeh
Okawaru
Qazlal
Ru
Sif Muna
Trog
Uskayaw
Vehumet
Xom
Yredelemnul
Zin
The Shining One

Shops:
D:6 *   D:8 ?   D:15 (

Annotations:
Abyss:1 Azrael, Erolcha, Josephine, Nessos


Innate Abilities, Weirdness & Mutations

You are resistant to damage.
You can recharge devices by infusing magical energy.
You passively map a large area around you.
You do not regenerate.
You have large cloven feet.
You have a pair of small horns on your head.
You are partially covered in rugged brown scales. (AC +1, +3% HP)
You are agile. (Dex +2)
You tend to lose your temper in combat.
You can translocate small distances at will.
Your muscles are very strong. (Str +4)


Message History

The cyan ugly thing is heavily wounded.
The deep troll misses you. You block the deep troll's attack.
The deep troll closely misses you. You block the cyan ugly thing's attack.
You hit the cyan ugly thing. You burn the cyan ugly thing.
You kick the cyan ugly thing, but do no damage.
You headbutt the cyan ugly thing!
The cyan ugly thing is severely wounded.
You block the deep troll's attack. x3; The deep troll earth mage bites you.
* * * LOW HITPOINT WARNING * * *
The deep troll earth mage claws you but does no damage. x2
The great orb of eyes bites you!
* * * LOW HITPOINT WARNING * * *
You puncture the cyan ugly thing! You burn the cyan ugly thing.
You kick the cyan ugly thing.
You kill the cyan ugly thing!
You puncture the centaur! You burn the centaur. Your kick misses the centaur.
You headbutt the centaur!
You kill the centaur!
The deep troll closely misses you. The deep troll claws you!
You die...

**# ## .# ##.* .#
* * #(. ..# #..
*..# * #.J##..#
.# #.T@)c###.#*
#uCTGQ...# *
####JJTcGT.## ,
#....T#uc.##*
#...(#)...### *
#...(.u......#**
* #.<(>T........#
* #......>.......
*
#............##..


You could see a stone giant, a great orb of eyes, 2 ugly things, a large slime
creature, 2 slime creatures, a tengu warrior, a glowing orange brain, 3 deep
trolls, a deep troll earth mage, a deep troll shaman, a yaktaur and 2 centaurs.

Vanquished Creatures
  Gastronok (D:8)
  An ettin (D:14)
  A hydra (D:12)
  Fannar (D:12)
  5 centaur warriors
  The ghost of XO4YCPATb the Black Sun, a journeyman DrNe of Kikubaaqudgha (D:11)
  A deep troll earth mage (Depths:1)
  Urug (D:13)
  A skeletal warrior (D:15)
  A harpy (shapeshifter) (Depths:1)
  3 hill giants
  A necromancer (D:15)
  An orc knight (D:14)
  An orc sorcerer (D:14)
  4 ugly things
  2 manticores
  Maurice (D:9)
  2 spriggan zombies (D:15)
  A frost giant skeleton (D:15)
  The ghost of Galewind the Thaumaturge, a novice DECj of Vehumet (D:6)
  A gargoyle (D:11)
  A spriggan skeleton (D:15)
  A komodo dragon (D:11)
  A polar bear (D:10)
  A meliai (shapeshifter) (D:14)
  8 trolls
  A two-headed ogre (D:9)
  5 hippogriffs
  8 slime creatures
  10 yaks
  Sigmund (D:4)
  A vampire (D:14)
  6 wraiths
  2 fire elementals (D:14)
  A hog (D:10)
  A spriggan (D:7)
  3 wyverns
  A steam dragon (D:12)
  A hungry ghost (D:10)
  A mottled dragon (D:15)
  3 hell hounds
  6 orc warriors
  5 sky beasts
  2 ice beasts
  2 phantoms
  3 black bears (D:10)
  2 eyes of draining
  8 ogres
  10 centaurs
  A wolf (D:10)
  2 crocodiles
  3 big kobolds
  3 bullfrogs
  A wyvern skeleton (D:11)
  2 troll zombies (D:10)
  3 scorpions
  4 killer bees (D:8)
  7 howler monkeys
  10 crimson imps
  A centaur zombie (D:8)
  3 centaur skeletons
  10 hounds
  14 orc wizards
  2 bullfrog skeletons
  8 orc priests
  2 jellies
  8 iguanas
  9 worker ants
  An ogre zombie (D:10)
  A hound skeleton (D:4)
  A worker ant zombie (D:6)
  13 gnolls
  2 howler monkey skeletons
  15 adders
  6 shadow imps
  3 adder zombies
  2 adder skeletons (D:6)
  2 worms
  A dart slug (D:2)
  7 leopard geckos
  46 orcs
  6 ball pythons (D:1)
  5 giant cockroaches
  10 goblins
  13 hobgoblins
  13 jackals
  6 quokkas
  8 bats
  10 frilled lizards
  A giant cockroach zombie (D:5)
  4 goblin zombies (D:10)
  A hobgoblin skeleton (D:10)
  26 kobolds
  4 orc skeletons (D:10)
  10 orc zombies (D:10)
  8 rats
  A plant (D:7)
446 creatures vanquished.

Vanquished Creatures (others)
  A vampire mage (D:15)
  A skeletal warrior (D:15)
  A deep elf mage (D:13)
  A cyclops (D:13)
  A manticore (D:13)
  2 centaur zombies (D:14)
  2 trolls
  A polar bear (D:10)
  2 slime creatures (D:13)
  A hippogriff (D:10)
  A hill giant zombie (D:10)
  2 yaks (D:9)
  2 fire elementals (D:14)
  A water moccasin (D:12)
  A hornet zombie (D:10)
  An orc warrior (D:13)
  3 phantoms
  An eye of draining (D:14)
  2 ogres
  A centaur (D:7)
  A crocodile (D:8)
  A wyvern skeleton (D:14)
  2 troll zombies (D:10)
  A killer bee (D:8)
  A hound (D:12)
  A jelly (D:8)
  2 orc wizards
  A worker ant (D:12)
  A gnoll (D:10)
  An orc (D:9)
  A withered plant (D:15)
41 creatures vanquished.

Grand Total: 487 creatures vanquished

Notes
Turn   | Place    | Note
-------+----------+-------------------------------------------
     0 | D:1      | Lovchig the Deep Dwarf Fighter began the quest for the Orb.
     0 | D:1      | Reached XP level 1. HP: 20/20 MP: 1/1
   168 | D:1      | Reached XP level 2. HP: 27/27 MP: 2/2
   657 | D:1      | Reached XP level 3. HP: 32/34 MP: 3/3
   967 | D:2      | Reached skill level 1 in Dodging
  1288 | D:2      | Reached XP level 4. HP: 29/42 MP: 4/4
  1908 | D:3      | Reached XP level 5. HP: 48/49 MP: 5/5
  2449 | D:4      | Reached XP level 6. HP: 41/57 MP: 4/4
  2798 | D:4      | Noticed Sigmund
  2807 | D:4      | Killed Sigmund
  2807 | D:4      | Reached skill level 5 in Armour
  2807 | D:4      | Reached XP level 7. HP: 28/63 MP: 5/5
  2916 | D:4      | Found a shimmering altar of Xom.
  2968 | D:4      | Reached skill level 5 in Shields
  3196 | D:5      | Entered Level 5 of the Dungeon
  3275 | D:5      | Found a hide-covered altar of Uskayaw.
  3278 | D:5      | Found a blossoming altar of Fedhas.
  3306 | D:5      | Found an iron altar of Okawaru.
  3307 | D:5      | Found a glowing golden altar of the Shining One.
  3315 | D:5      | Became a worshipper of the Shining One
  3638 | D:5      | Found a burning altar of Makhleb.
  3771 | D:6      | Reached skill level 5 in Polearms
  3771 | D:6      | Reached XP level 8. HP: 38/72 MP: 6/6
  3823 | D:6      | Found a staircase to the Ecumenical Temple.
  3829 | D:6      | Found Kir Ymm's Assorted Antiques.
  4039 | D:6      | Found a basalt altar of Yredelemnul.
  4066 | D:6      | Reached * piety under the Shining One
  4084 | D:6      | Noticed Galewind's ghost (novice DECj)
  4098 | D:6      | Killed Galewind's ghost
  4190 | D:6      | Gained mutation: You passively map the area around you. [Deep Dwarf growth]
  4190 | D:6      | Reached XP level 9. HP: 53/79 MP: 5/5
  4485 | Temple   | Entered the Ecumenical Temple
  5007 | D:7      | Reached skill level 5 in Fighting
  5116 | D:7      | Found a sacrificial altar of Ru.
  5578 | D:8      | Reached ** piety under the Shining One
  5627 | D:8      | Noticed Gastronok
  5645 | D:8      | Reached skill level 5 in Dodging
  5662 | D:8      | HP: 4/81 [Gastronok/the air (16)]
  5716 | D:8      | Found Juhuilox's Magic Scroll Shoppe.
  5897 | D:8      | Gained mutation: Scrolls take you a little longer to read. [mutagenic meat]
  5926 | D:8      | Reached XP level 10. HP: 64/88 MP: 6/6
  6025 | D:8      | Lost mutation: Scrolls take you a little longer to read. [mutagenic meat]
  6026 | D:8      | Gained mutation: You are agile. (Dex +2) [mutagenic meat]
  6027 | D:8      | Gained mutation: Your spells are a little easier to cast, but a little less powerful. [mutagenic meat]
  6029 | D:8      | Gained mutation: You can translocate small distances at will. [mutagenic meat]
  6030 | D:8      | Gained mutation: Your muscles are strong. (Str +2) [mutagenic meat]
  6236 | D:8      | Killed Gastronok
  6369 | D:9      | Noticed Maurice
  6555 | D:9      | Killed Maurice
  6749 | D:9      | Noticed Erolcha
  6753 | D:9      | Banished Erolcha
  7012 | D:9      | Reached XP level 11. HP: 62/98 MP: 5/5
  7066 | D:10     | Entered Level 10 of the Dungeon
  7341 | D:10     | Reached *** piety under the Shining One
  7413 | D:10     | Reached **** piety under the Shining One
  7448 | D:10     | Found a staircase to the Orcish Mines.
  7970 | D:10     | Found a huge runed gate.
  7975 | D:10     | Found a huge runed gate.
  7976 | D:10     | Found a huge runed gate.
  7977 | D:10     | Found a huge runed gate.
  7977 | D:10     | Reached ***** piety under the Shining One
  8510 | D:10     | Reached skill level 10 in Polearms
  8545 | D:10     | Reached skill level 10 in Shields
  8650 | D:11     | Gained mutation: Your muscles are very strong. (Str +4) [mutagenic meat]
  8651 | D:11     | Gained mutation: You have a pair of small antennae on your head. [mutagenic meat]
  8653 | D:11     | Gained mutation: You passively map a large area around you. [mutagenic meat]
  8760 | D:11     | Noticed a hill giant
  8772 | D:11     | Noticed XO4YCPATb's ghost (journeyman DrNe)
  8851 | D:11     | Killed XO4YCPATb's ghost
  9359 | D:11     | Killed a hill giant
  9524 | D:11     | Found a staircase to the Lair.
  9817 | D:12     | Noticed a hill giant
  9823 | D:12     | Reached XP level 12. HP: 67/109 MP: 6/6
 10135 | D:12     | Noticed Josephine
 10140 | D:12     | Banished Josephine
 10153 | D:12     | Noticed a six-headed hydra
 10173 | D:12     | Killed a six-headed hydra
 10202 | D:12     | Noticed Fannar
 10508 | D:12     | Killed Fannar
 10857 | D:13     | Reached skill level 1 in Staves
 10869 | D:13     | Noticed Urug
 10998 | D:13     | Reached skill level 10 in Armour
 11109 | D:13     | Killed Urug
 11423 | D:13     | Noticed a centaur warrior
 11433 | D:13     | Killed a centaur warrior
 11769 | D:14     | Noticed a centaur warrior
 11787 | D:14     | Killed a centaur warrior
 11872 | D:14     | Noticed Azrael
 11901 | D:14     | Reached ****** piety under the Shining One
 11909 | D:14     | Gained mutation: You are partially covered in rugged brown scales. (AC +1, +3% HP) [mutagenic meat]
 11910 | D:14     | Lost mutation: Your spells are a little easier to cast, but a little less powerful. [mutagenic meat]
 11911 | D:14     | Gained mutation: You have large cloven feet. [mutagenic meat]
 11913 | D:14     | Gained mutation: You tend to lose your temper in combat. [mutagenic meat]
 11996 | D:14     | Reached XP level 13. HP: 75/123 MP: 2/2
 11998 | D:14     | Noticed an ettin
 12007 | D:14     | Killed an ettin
 12012 | D:14     | Lost mutation: You have a pair of small antennae on your head. [mutagenic meat]
 12013 | D:14     | Gained mutation: You have a pair of small horns on your head. [mutagenic meat]
 12033 | D:14     | Found a gate to the Vaults.
 12033 | D:14     | Noticed a fire dragon
 12169 | D:14     | Banished Azrael
 12262 | D:14     | Paralysed by an orc sorcerer for 2 turns
 12406 | D:15     | Entered Level 15 of the Dungeon
 12411 | D:15     | Found Vuarchido's Antique Weapon Emporium.
 12637 | D:15     | Found a staircase to the Depths.
 12879 | D:15     | Noticed Nessos
 12895 | D:15     | Banished Nessos
 13239 | Depths:1 | Entered Level 1 of the Depths
 13241 | Depths:1 | Noticed a stone giant
 13285 | Depths:1 | HP: 3/124 [great orb of eyes (6)]
 13287 | Depths:1 | Mangled by a deep troll

Skill      XL: |  1  2  3  4  5  6  7  8  9 10 11 12 13 |
---------------+----------------------------------------+-----
Fighting       | 3 4 5 6 7 8 9 |  9.6
Polearms       | 2 3 4 5 6 8 9 10 11 12 | 12.3
Dodging        | 1 2 3 4 5 6 7 8 9 |  9.2
Shields        | 4 5 6 7 9 10 11 12 | 12.8
Armour         | 4 5 6 7 8 9 10 11 | 11.2
Staves         | 1 |  1.3

Action                   |  1- 3 |  4- 6 |  7- 9 | 10-12 | 13-15 || total
-------------------------+-------+-------+-------+-------+-------++-------
Melee: Trident           |   190 |   239 |   321 |       |       ||   750
       Spear             |       |       |   188 |   947 |   248 ||  1383
       Staff             |       |       |       |   173 |       ||   173
       Kick              |       |       |       |     6 |   135 ||   141
       Headbutt          |       |       |       |       |    82 ||    82
 Abil: Device Recharging |       |     2 |     2 |     7 |     2 ||    13
Evoke: Wand              |       |     7 |    12 |    34 |     8 ||    61
  Use: Scroll            |       |       |       |    25 |     2 ||    27
       Potion            |       |       |       |     2 |     4 ||     6
  Eat: Chunk             |     2 |     5 |    15 |    33 |     7 ||    62
       Bread ration      |       |       |       |     1 |       ||     1
Armor: Scale mail        |    75 |    68 |    89 |       |       ||   232
       Chain mail        |       |       |    75 |   233 |     5 ||   313
       Ice dragon scales |       |       |       |       |    42 ||    42
       Plate armour      |       |       |       |       |    13 ||    13
Dodge: Dodged            |    52 |    74 |   147 |   289 |    99 ||   661
Block: Shield            |   119 |   105 |   251 |   574 |   152 ||  1201
